AoeStats
← seu madruga

Pilgrims

509906160Analyzed
2v2 RM · 3d ago on Sep 28, 2026· 60m 19s· 4 players
Game mode
Random Map
Map size
Medium (4 player)
Population
200
Speed
Normal
Resources
Standard
Victory
Conquest
Starting age
Dark Age
Ending age
Imperial Age
RankedLock teamsTeams togetherTeam positionsShared explorationLock speedFull tech treeHidden civsTurbo modeCheats
Victory
Defeat
🇧🇾 Goths · Belarus
915
+15
🇵🇾 Aztecs · Paraguay
844
+17
🇦🇷 Khmer · Argentina
889
-16
🇵🇪 Spanish · Peru
886
-16
CarpinChurro
7:41 Loom
11:57 Feudal Age
12:30 Fishing Lines
16:28 Horse Collar
19:24 Scale Barding Armor
22:18 Castle Age
21:21 Man-at-Arms
22:16 Forging
22:07 Scale Mail Armor
24:41 Wheelbarrow
23:40 Light Cavalry
24:21 Husbandry
25:25 Chain Barding Armor
25:08 Gillnets
25:09 Long Swordsman
27:01 Hand Cart
36:53 Imperial Age
37:36 Capped Ram
38:43 Siege Ram
41:06 Two-Handed Swordsman
42:02 Champion
nachomoroni
3:50 Loom
12:14 Feudal Age
12:58 Double-Bit Axe
18:32 Fletching
24:41 Castle Age
23:58 Forging
23:48 Scale Mail Armor
23:49 Padded Archer Armor
25:30 Crossbowman
27:36 Bloodlines
27:54 Gold Mining
30:06 Bodkin Arrow
32:31 Husbandry
33:45 Ballistics
47:38 Imperial Age
48:42 Conscription
48:33 Double Crossbow
49:24 Gold Shaft Mining
52:49 Elite Ballista Elephant
55:32 Chemistry
54:42 Arbalester
59:14 Padded Archer Armor
59:34 Bow Saw
savinbel
7:38 Loom
17:30 Feudal Age
22:23 Castle Age
20:21 Stone Mining
20:26 Horse Collar
20:46 Double-Bit Axe
22:25 Wheelbarrow
22:08 Gold Mining
23:52 Bow Saw
24:50 Heavy Plow
25:58 Stone Shaft Mining
29:54 Fervor
30:20 Town Watch
32:10 Fletching
34:27 Forging
34:18 Scale Mail Armor
34:21 Anarchy
35:08 Hand Cart
36:00 Iron Casting
35:49 Ballistics
35:10 Treadmill Crane
36:22 Chain Mail Armor
35:56 Pikeman
36:37 Squires
36:41 Town Patrol
38:42 Bodkin Arrow
42:58 Man-at-Arms
50:36 Imperial Age
48:47 Padded Archer Armor
48:45 Murder Holes
49:00 Masonry
48:55 Long Swordsman
49:22 Elite Skirmisher
52:17 Leather Archer Armor
52:08 Scale Barding Armor
55:38 Two-Man Saw
55:11 Crop Rotation
55:44 Blast Furnace
54:45 Bracer
55:16 Ring Archer Armor
55:06 Chain Barding Armor
55:49 Chemistry
55:19 Architecture
54:51 Perfusion
55:11 Conscription
54:22 Sappers
54:13 Elite Huskarl
54:34 Halberdier
55:36 Two-Handed Swordsman
57:09 Champion
seu madruga
6:58 Loom
11:42 Feudal Age
15:14 Double-Bit Axe
22:19 Castle Age
24:40 Horse Collar
25:43 Squires
25:23 Elite Skirmisher
Connection lost

Rejoining the realm…

Still unreachable

The connection could not be restored.

Session expired

The server has moved on; the page needs a fresh start.